 Dungeon Crawl Stone Soup version 0.30-a0-779-g7971cf19c3 (webtiles) character file.

Game seed: 12520662823797723023

533 Dittersdorf the Covered (level 7, 0/44 HPs)
             Began as a Gargoyle Fighter on Feb 17, 2023.
             Slain by an ogre
             ... wielding a +0 giant club
              (11 damage)
             ... on level 3 of the Dungeon.
             The game lasted 00:04:17 (2710 turns).

Dittersdorf the Covered (Gargoyle Fighter)          Turns: 2710, Time: 00:04:18

Health: 0/44       AC: 17    Str: 21    XL:     7   Next: 24%
Magic:  16/16      EV:  7    Int:  9    God:
Gold:   200        SH:  4    Dex:  9    Spells: 6/6 levels left

rFire   . . .      SeeInvis .    a - +1 flail (vamp)
rCold   . . .      Faith    .    c - +0 buckler
rNeg    + . .      Spirit   .    k - +0 chain mail
rPois   ∞          Reflect  .    s - +0 helmet
rElec   +          Harm     .    n - +0 cloak
rCorr   .          Rampage  .    (no gloves)
Will    .....                    (no boots) Stlth
                                 (no amulet)
HPRegen 0.27/turn                h - ring of magical power
MPRegen 0.15/turn                (no ring)

@: no status effects
A: sickness immunity, AC +4, negative energy resistance 1, electricity
resistance, torment resistance 1, petrification resistance
a: no special abilities


You were on level 3 of the Dungeon.
You visited 1 branch of the dungeon, and saw 4 of its levels.

You collected 200 gold pieces.

Inventory:

Hand Weapons
 a - a +1 vampiric flail (weapon)
Missiles
 g - 5 poisoned darts (quivered)
Armour
 c - a +0 buckler (worn)
 k - a +0 chain mail (worn)
 n - a +0 cloak (worn)
 s - a +0 helmet (worn)
Jewellery
 h - a ring of magical power (left hand)
Potions
 b - a potion of mutation {unknown}
 d - a potion of might
 f - a potion of heal wounds
 m - 2 potions of flight
 q - a potion of cancellation


   Skills:
 + Level 5.2 Fighting
 + Level 4.1 Maces & Flails
 + Level 5.2 Armour
 + Level 5.2 Shields


You had 6 spell levels left.
You didn't know any spells.
Your spell library contained the following spells:

 Spells                   Type           Power      Damage    Failure   Level
 Necrotise                Necr           0%         1d4       99%         1
 Vampiric Draining        Necr           0%         2d6       100%        3
 Agony                    Necr           0%         N/A       100%        5


Dungeon Overview and Level Annotations

Branches:
Dungeon (4/15)
 Temple: D:4-7

Altars:


Innate Abilities, Weirdness & Mutations

You are immune to sickness and miasma.
Your stone body is resilient. (AC +4)
You are immune to poison.
You resist negative energy. (rN+)
You are resistant to electric shocks. (rElec)
You are resistant to unholy torment.
You are immune to petrification.


Message History

You see here a scroll of immolation.
The adder bites you. The quokka closely misses you.
The adder bites you but does no damage. The hobgoblin hits you.
The necrophage hits you but does no damage.
You block the ogre's attack. The adder bites you but does no damage.
You climb upwards.
There is a stone staircase leading down here.
You hit the adder.
The adder is severely wounded.
The adder bites you. The adder barely misses you.
The hobgoblin hits you but does no damage.
The adder bites you but does no damage. The ogre hits you with a +0 giant club.
You hit the adder.
You feel better.
The adder is almost dead.
The adder bites you. The hobgoblin misses you.
The adder bites you but does no damage. x2
You sock the adder!
You feel better.
You kill the adder!
The adder bites you. The ogre barely misses you.
You block the hobgoblin's attack. The adder bites you but does no damage.
The hobgoblin barely misses you.
You see here an adder corpse.
Throw: 7 darts (poison)
Press: ? - help, Q - select action Shift-Dir - straight line, f - ogre
Aim: an ogre, wielding a +0 giant club (72% to hit)
You throw a poisoned dart.
The poisoned dart barely misses the ogre.
The poisoned dart closely misses the adder.
The ogre hits you with a +0 giant club!!
Ouch! That really hurt!
* * * LOW HITPOINT WARNING * * *
Throw: 6 darts (poison)
Press: ? - help, Q - select action Shift-Dir - straight line, f/p - ogre
Aim: an ogre, wielding a +0 giant club (72% to hit)
You throw a poisoned dart.
The poisoned dart barely misses the ogre.
The poisoned dart closely misses the adder.
The poisoned dart hits the necrophage.
The ogre hits you with a +0 giant club!
You die...

#....##.#..#### #.#
#..(.##.#.## #.#
#.......#.# #####.#
#....##.#.# ##.....#
#....##...# #..#####
#..n.###..###.######
#.gSr# ##...........
###O## ##...#######
#@# ###.).# #.##
#.....##
#..###......#####
########
##.##...###.....##
##......## #.....##
#####..#
##........######.##
##..
#..........#####.#
##.
#..........##.)..#
#.
#..........##....#
##.


You could see an ogre, a necrophage, an adder, a quokka and a hobgoblin.

Vanquished Creatures
  A sky beast (D:3)
  Pargi (D:3)
  A howler monkey (D:3)
  An orc priest (D:3)
  A hound (D:3)
  A scorpion zombie (D:2)
  2 iguanas (D:3)
  Robin (D:3)
  6 adders
  2 adder skeletons (D:2)
  2 worms (D:2)
  2 dart slugs
  4 orcs
  A bat skeleton (D:2)
  5 endoplasms
  5 giant cockroaches
  9 hobgoblins
  5 kobolds
  3 quokkas
  A ball python (D:2)
  6 bats
  5 frilled lizards
  13 goblins
  A jackal zombie (D:2)
  A quokka zombie (D:2)
  14 rats
94 creatures vanquished.

Vanquished Creatures (others)
  4 withered plants (D:2)
4 creatures vanquished.

Grand Total: 98 creatures vanquished

Notes
Turn   | Place    | Note
-------+----------+-------------------------------------------
     0 | D:1      | Dittersdorf the Gargoyle Fighter began the quest for the
                  | Orb.
     0 | D:1      | Reached XP level 1. HP: 14/14 MP: 1/1
   195 | D:1      | Reached XP level 2. HP: 19/19 MP: 2/2
   621 | D:2      | Found a faded altar of an unknown god.
   694 | D:2      | Reached XP level 3. HP: 23/23 MP: 3/3
   891 | D:2      | Reached XP level 4. HP: 25/29 MP: 4/4
  1692 | D:3      | Reached XP level 5. HP: 20/33 MP: 5/5
  2044 | D:3      | Noticed Robin
  2067 | D:3      | Killed Robin
  2362 | D:3      | Noticed Pargi
  2386 | D:3      | Killed Pargi
  2387 | D:3      | Reached XP level 6. HP: 22/39 MP: 6/6
  2527 | D:4      | Noticed a sky beast
  2552 | D:3      | Reached skill level 5 in Fighting
  2596 | D:3      | Killed a sky beast
  2597 | D:3      | Reached skill level 5 in Armour
  2597 | D:3      | Reached skill level 5 in Shields
  2597 | D:3      | Reached XP level 7. HP: 27/44 MP: 7/7
  2710 | D:3      | Slain by an ogre

Illustrated notes

Levels and vault maps discovered:
D:1:      eino_arrival_water_cross, layout_basic
D:2:      layout_basic, ebering_ecumenical_altar_petrified, serial_undead,
          serial_undead_d, serial_undead_c, serial_undead_e, serial_undead_e,
          serial_undead_d, serial_undead_d, serial_undead_f, serial_undead_b,
          minmay_rat_gold_closets
D:3:      layout_rooms, eino_tiny_chamber, uniq_pargi, uniq_robin
D:4:      layout_basic, slow_altar_1, kennysheep_mini, uniq_menkaure

Skill      XL: |  1  2  3  4  5  6 |
---------------+-------------------+-----
Fighting       | 4 5 |  5.2
Armour         | 4 5 |  5.2
Shields        | 4 5 |  5.2
Maces & Flails | 3 4 |  4.1

Action                     |  1- 3 |  4- 6 |  7- 9 || total
---------------------------+-------+-------+-------++-------
  Melee: Flail             |    68 |   268 |    14 ||   350
  Throw: Dart              |       |     8 |     2 ||    10
    Use: Scroll            |       |     9 |       ||     9
 Armour: Scale mail        |    13 |       |       ||    13
         Chain mail        |    18 |   253 |    21 ||   292
  Dodge: Dodged            |    24 |    95 |    12 ||   131
  Block: Buckler           |    11 |    63 |     4 ||    78

Table legend: (Time is in decaauts)
 A = Elapsed time spent in this place.
 B = Non-inter-level travel time spent in this place.
 C = Inter-level travel time spent in this place.
 D = Time resting spent in this place.
 E = Time spent auto-exploring this place.
 F = Levels seen in this place.
 G = Mean time per level.
                   A        B        C        D        E       F      G
               +--------+--------+--------+--------+--------+-----+--------+
         Total |   2818 |   2708 |    110 |    312 |   1552 |   4 |  704.5 |
       Dungeon |   2818 |   2708 |    110 |    312 |   1552 |   4 |  704.5 |
               +--------+--------+--------+--------+--------+-----+--------+

Top non-repeatable levels by time:
     D:3: 1149 daAuts
     D:2: 1003 daAuts
     D:1: 607 daAuts
     D:4: 58 daAuts
